 Dungeon Crawl Stone Soup version 0.31-a0-267-g3fc6992b3b (webtiles) character file.

Game seed: 6709161583791423344

107 qw the Shooter (level 4, 0/26 HPs)
             Began as a Gargoyle Hexslinger on July 13, 2023.
             Slain by an iguana (8 damage)
             ... on level 4 of the Dungeon.
             The game lasted 00:00:49 (2364 turns).

qw the Shooter (Gargoyle Hexslinger)                Turns: 2364, Time: 00:00:49

Health: 0/26       AC:  9    Str: 11    XL:     4   Next: 85%
Magic:  5/5        EV: 10    Int: 14    God:
Gold:   145        SH:  0    Dex: 14    Spells: 4/5 levels left

rFire   . . .        Y - +3 sling
rCold   . . .        (no shield)
rNeg    + . .        i - +0 ring mail
rPois   inf          (no helmet)
rElec   +            d - +0 cloak
rCorr   .            (no gloves)
SInv    .            (no boots)
Will    .....        (no amulet)
Stlth   +            (no ring)
HPRegen 0.24/turn    (no ring)
MPRegen 0.09/turn

%: no passive effects
@: no status effects
A: sickness immunity, AC +3, negative energy resistance 1, electricity
resistance, torment resistance 1, petrification resistance
a: no special abilities


You were on level 4 of the Dungeon.
You visited 1 branch of the dungeon, and saw 4 of its levels.

You collected 145 gold pieces.


Innate Abilities, Weirdness & Mutations

You are immune to sickness and miasma.
Your stone body is resilient. (AC +3)
You are immune to poison.
You resist negative energy. (rN+)
You are resistant to electric shocks. (rElec)
You are resistant to unholy torment.
You are immune to petrification.


   Skills:
 - Level 2.0 Fighting
 + Level 4.3 Ranged Weapons
 - Level 1.0 Armour
 - Level 1.5 Dodging
 - Level 1.0 Spellcasting
 - Level 2.6 Hexes


You had 4 spell levels left.
You knew the following spells:

 Your Spells              Type           Power      Damage    Failure   Level
a - Slow                  Hex            32%        N/A       21%         1

Your spell library contained the following spells:

 Spells                   Type           Power      Damage    Failure   Level
 Inner Flame              Hex/Fire       4%         N/A       71%         3
 Portal Projectile        Hex/Tloc       8%         N/A       71%         3
 Cause Fear               Hex            4%         N/A       90%         4

Inventory:

Hand Weapons
 Y - a +3 sling (weapon)
Armour
 d - a +0 cloak (worn)
 i - a +0 ring mail (worn)
Scrolls
 a - a scroll of identify
Potions
 c - a potion of enlightenment {unknown}
 e - a potion of curing {unknown}
 f - a potion of magic {unknown}
 g - a potion of resistance {unknown}
 h - a potion of heal wounds {unknown}

Dungeon Overview and Level Annotations

Branches:
Dungeon (4/15)
 Temple: D:4-7

Altars:
Uskayaw
Xom
The Shining One


Message History

Enter note:
Enter note: An iguana comes into view.
The iguana hisses angrily.
Enter note:
Enter note: You shoot a sling bullet.
The sling bullet barely misses the iguana.
You shoot a sling bullet.
The sling bullet barely misses the iguana.
The iguana bites you but does no damage.
You shoot a sling bullet. The sling bullet hits the iguana.
The iguana is moderately wounded.
The iguana bites you.
You shoot a sling bullet.
The sling bullet hits the iguana but does no damage.
The iguana is moderately wounded.
The iguana bites you!
A dart slug comes into view.
You shoot a sling bullet. The sling bullet hits the iguana.
The iguana is heavily wounded.
The iguana barely misses you. The iguana bites you.
You shoot a sling bullet. The sling bullet hits the iguana.
The iguana is severely wounded.
The iguana closely misses you.
You shoot a sling bullet.
The sling bullet closely misses the iguana.
The iguana closely misses you.
The dart slug bites you but does no damage.
You shoot a sling bullet.
The sling bullet barely misses the iguana.
The iguana closely misses you. The dart slug barely misses you.
The iguana bites you.
You shoot a sling bullet. The sling bullet hits the iguana.
The iguana is almost dead.
The iguana misses you. The dart slug completely misses you.
You shoot a sling bullet. The sling bullet hits the iguana.
The iguana is almost dead.
The iguana bites you!
You die...

#.:..<..# .#+##
#.......# ....
#.(.....## ...
#......... ..#####
#.#.......##
!..................
#.####..#.###...........
#.....lw#.# #..####.###.
###@#.#.#...###+###.
#.....#...........##
#(#..####..#.......#
#.............._..'.
#..##......#......##
#.......#...#.....)#
##.####....###)...##
#....(....###..####
######.............


You could see an iguana and a dart slug.

Vanquished Creatures
  4 adders
  A white imp (D:4)
  2 worms (D:1)
  2 dart slugs
  6 bats
  8 endoplasms
  2 giant cockroaches (D:3)
  4 goblins
  2 hobgoblins
  2 quokkas (D:1)
  5 ball pythons
  2 frilled lizards
  A goblin skeleton (D:4)
  A goblin zombie (D:4)
  2 hobgoblin zombies (D:4)
  3 kobolds
  2 kobold zombies (D:4)
  2 orc skeletons (D:4)
  An orc zombie (D:4)
  3 rats
55 creatures vanquished.

Notes
Turn   | Place    | Note
-------+----------+-------------------------------------------
     0 | D:1      | qw the Gargoyle Hexslinger began the quest for the Orb.
     0 | D:1      | Reached XP level 1. HP: 12/12 MP: 2/2
     0 | D:1      | 0 ||| qw: Version: 0.3-a-52-g30416fa
     0 | D:1      | 0 ||| qw: Game counter: 7772
     0 | D:1      | 0 ||| qw: Melee chars always use a shield: true
     0 | D:1      | 0 ||| qw: God list: Okawaru
     0 | D:1      | 0 ||| qw: Allow faded altars: false
     0 | D:1      | 0 ||| qw: Do Orc after clearing Dungeon:15 true
     0 | D:1      | 0 ||| qw: Do second Lair branch before Depths: true
     0 | D:1      | 0 ||| qw: Lair rune preference: random
     0 | D:1      | 0 ||| qw: Goals: Normal
     0 | D:1      | 0 ||| PLANNING D:1-11
    87 | D:1      | Reached XP level 2. HP: 16/16 MP: 3/3
   296 | D:1      | Reached skill level 3 in Ranged Weapons
   625 | D:1      | Reached XP level 3. HP: 21/21 MP: 4/4
   739 | D:1      | Found a shimmering altar of Xom.
   743 | D:1      | 743 ||| UPGRADING to +0 cloak.
   752 | D:1      | 752 ||| READING 2 scrolls labelled YMIAP ZEIGATSU.
   753 | D:1      | 753 ||| DROPPING scroll of poison.
   916 | D:2      | Found a faded altar of an unknown god.
  1041 | D:2      | Found a hide-covered altar of Uskayaw.
  1379 | D:2      | 1379 ||| DROPPING scarf of invisibility.
  1380 | D:2      | 1380 ||| UPGRADING to +0 ring mail.
  1390 | D:2      | 1390 ||| DROPPING +0 robe.
  1391 | D:2      | 1391 ||| READING 2 scrolls labelled GOLLUY TIQYA.
  1396 | D:2      | 1396 ||| READING 2 scrolls labelled GINOEKEXTI.
  1397 | D:2      | 1397 ||| READING scroll of enchant weapon.
  1397 | D:2      | 1397 ||| ENCHANTING +2 sling.
  1398 | D:2      | 1398 ||| READING scroll labelled AREL EHINO.
  1399 | D:2      | 1399 ||| READING scroll labelled MOSUYT PETU.
  1557 | D:3      | Found a shimmering altar of Xom.
  1574 | D:3      | Reached skill level 1 in Armour
  1582 | D:3      | Reached XP level 4. HP: 26/26 MP: 5/5
  1963 | D:3      | Reached skill level 4 in Ranged Weapons
  2164 | D:3      | 2164 ||| DROPPING amulet of magic regeneration.
  2206 | D:4      | Found a glowing golden altar of the Shining One.
  2214 | D:4      | HP: 3/26 [white imp (4)]
  2215 | D:4      | 2215 ||| READING scroll of teleportation.
  2364 | D:4      | Slain by an iguana

Levels and vault maps discovered:
D:1:      dpeg_arrival_lava_altar, layout_loops_cross, nicolae_wormholes
D:2:      layout_basic, chequers_ecumenical_altar_simple, basic_altar,
          minmay_pentomino_z4
D:3:      layout_basic, mainiacjoe_overflow_catwalk
D:4:      layout_basic, chequers_temple_overflow_minitemple,
          nicolae_tso_besieged_by_evil, uniq_duvessa

Skill      XL: |  1  2  3  4 |
---------------+-------------+-----
Ranged Weapons | 3 4 |  4.3
Fighting       | 2 |  2.0
Armour         | 1 |  1.0
Dodging        | |  1.5
Spellcasting   | |  1.0
Hexes          | |  2.6

Action                     |  1- 3 |  4- 6 || total
---------------------------+-------+-------++-------
   Fire: Sling             |    94 |    80 ||   174
    Use: Scroll            |     6 |     1 ||     7
 Armour: Robe              |     8 |       ||     8
         Ring mail         |     1 |    16 ||    17
  Dodge: Dodged            |    22 |    23 ||    45

Table legend:
 A = Non-vault XP
 B = Vault XP
 C = Vault XP percentage of total XP
 D = Non-vault monster count
 E = Vault monster count
 F = Vault count percentage of total count
                 A         B        C        D         E       F
            +---------+---------+-------+---------+---------+-------
      Total |     121 |      32 |  20.9 |      41 |      14 |  25.5
            +---------+---------+-------+---------+---------+-------
        D:1 |      25 |      10 |  28.6 |      13 |       2 |  13.3
        D:2 |      26 |       3 |  10.3 |       8 |       2 |  20.0
        D:3 |      55 |       0 |   0.0 |      18 |       0 |   0.0
        D:4 |      15 |      19 |  55.9 |       2 |      10 |  83.3
            +---------+---------+-------+---------+---------+-------
